 Dungeon Crawl Stone Soup version 0.27.1-2-g3b301248ec (webtiles) character file.

Game seed: 17001695367155275924

2011 CuBeRJAN3 the Thaumaturge (level 9, -6/52 HPs)
             Began as a Deep Elf Fire Elementalist on Oct 5, 2021.
             Was a Follower of Vehumet.
             Mangled by a komodo dragon (32 damage)
             ... on level 5 of the Dungeon.
             The game lasted 00:38:52 (8880 turns).

CuBeRJAN3 the Thaumaturge (DEFE)                    Turns: 8880, Time: 00:38:53

Health: -6/52      AC:  3    Str:  5    XL:     9   Next: 2%
Magic:  33/33      EV: 12    Int: 20    God:    Vehumet [*.....]
Gold:   242        SH:  0    Dex: 15    Spells: 8/26 levels left

rFire    . . .     SeeInvis .   d - staff of conjuration
rCold    + + .     Faith    .   (no shield)
rNeg     . . .     Spirit   .   a - +0 robe
rPois    .         Reflect  .   (no helmet)
rElec    .         Harm     .   (no cloak)
rCorr    .         Rampage  .   c - +0 pair of gloves
Will     ++...                  (no boots)
Stlth    +++.......             j - amulet "Picohec" {RegenMP rC++ Will+ Int-4}
HPRegen  0.17/turn              o - ring of willpower
MPRegen  0.48/turn              r - ring of magical power

@: no status effects
A: no striking features
a: Renounce Religion


You were on level 5 of the Dungeon.
You worshipped Vehumet.
Vehumet was aware of your devotion.
You visited 2 branches of the dungeon, and saw 8 of its levels.

You collected 242 gold pieces.

Inventory:

Hand Weapons
 q - a +3 short sword of freezing
Armour
 a - a +0 robe (worn)
 c - a +0 pair of gloves (worn)
 n - a +1 leather armour of willpower
Magical Staves
 d - a staff of conjuration (weapon)
 e - a staff of poison
Jewellery
 j - the amulet "Picohec" (around neck) {RegenMP rC++ Will+ Int-4}
   (You acquired it on level 4 of the Dungeon)

   [amulet of magic regeneration]

   It increases your rate of magic regeneration.
   Int:       It affects your intelligence (-4).
   rC:        It greatly protects you from cold.
   Will:      It increases your willpower.
 l - an amulet of the acrobat
 o - a ring of willpower (left hand)
 p - an amulet of faith
 r - a ring of magical power (right hand)
 u - a ring of protection from fire
Scrolls
 g - a scroll of enchant armour {unknown}
 h - a scroll of enchant weapon {unknown}
 m - 2 scrolls of teleportation
 v - a scroll of vulnerability
 w - a scroll of summoning {unknown}
 y - a scroll of identify
Potions
 b - a potion of mutation
 f - a potion of heal wounds {unknown}
 i - 3 potions of flight
 k - a potion of curing
 s - a potion of berserk rage {unknown}
 t - a potion of might {unknown}
 x - a potion of haste {unknown}


   Skills:
 + Level 3.7 Fighting
 - Level 2.4 Dodging
 + Level 6.5 Stealth
 * Level 9.2 Spellcasting
 + Level 5.1 Conjurations
 - Level 1.7 Hexes
 - Level 1.9 Translocations
 + Level 5.9 Fire Magic


You had 8 spell levels left.
You knew the following spells:

 Your Spells              Type           Power      Damage    Failure   Level
a - Foxfire               Conj/Fire      100%       2x1d9     1%          1
b - Conjure Flame         Conj/Fire      47%        6-21      2%          3
c - Inner Flame           Hex/Fire       24%        N/A       4%          3
d - Searing Ray           Conj           88%        3d6       1%          2
e - Fireball              Conj/Fire      23%        3d11      22%         5
f - Sticky Flame          Conj/Fire      47%        2d6       8%          4

Your spell library contained the following spells:

 Spells                   Type           Power      Damage    Failure   Level
 Shock                    Conj/Air       100%       1d9       2%          1
 Magic Dart               Conj           100%       1d8       1%          1
 Static Discharge         Conj/Air       29%        N/A       4%          2
 Ensorcelled Hibernation  Hex/Ice        24%        N/A       8%          2
 Fulminant Prism          Conj/Hex       17%        3d11      19%         4
 Frozen Ramparts          Ice            18%        1d3       22%         3
 Spider Form              Tmut/Pois      4%         N/A       22%         3
 Animate Dead             Necr           4%         N/A       58%         4
 Dispel Undead            Necr           9%         3d8       58%         4
 Starburst                Conj/Fire      23%        6d8       75%         6
 Shadow Creatures         Summ           N/A        N/A       100%        6
 Haunt                    Necr/Summ      4%         N/A       100%        7
 Infestation              Necr           4%         N/A       100%        8


Dungeon Overview and Level Annotations

Branches:
Dungeon (7/15)             Temple (1/1) D:5

Altars:
Ashenzari
Cheibriados
Dithmenos
Elyvilon
Fedhas
Gozag
Makhleb
Nemelex Xobeh
Qazlal
Ru
Sif Muna
Trog
Uskayaw
Vehumet
Wu Jian
Yredelemnul
Zin
The Shining One

Annotations:
D:3 1 runed translucent door, Crazy Yiuf
D:6 2 transporters, bobkasz2's ghost, weakling HOFi


Message History

Your experience leads to an increase in your attributes!
Your base attributes are Str 5, Int 23, Dex 15.
Increase (S)trength, (I)ntelligence, or (D)exterity?
You feel clever.
Okay, then.
It was a potion of curing.
You feel better.
You start resting.
A komodo dragon is nearby!
There is a stone staircase leading down here.
You start resting.
A komodo dragon is nearby!
Casting: Foxfire (safe; 1% risk of failure)
Confirm with . or Enter, or press ? or * to list all spells.
Okay, then.
Bobkasz2's ghost turns its malevolent gaze towards you.
Bobkasz2's ghost says very slowly, "There's no hope."
Bobkasz2's ghost wails, "You will join me soon!"
The komodo dragon hisses angrily.
You see here a bullfrog skeleton.
Casting: Foxfire (safe; 1% risk of failure)
Press: ? - help, Q - select action, (/) - cycle Dir - look around, f - activate You feel a surge of power!
You conjure some foxfire!
The foxfire hits the komodo dragon but does no damage.
The foxfire hits the komodo dragon.
The komodo dragon is lightly wounded.
The komodo dragon hisses menacingly.
There is a stone staircase leading up here.
You climb upwards.
There is a stone staircase leading down here.
You climb downwards.
Level annotation: 2 transporters, bobkasz2's ghost, weakling HOFi The komodo dragon bites you!!
Ouch! That really hurt!
There is a stone staircase leading up, spattered with blood here.
The komodo dragon closely misses you.
You climb upwards.
There is a stone staircase leading down here.
You swing at nothing.
The komodo dragon bites you!!
Ouch! That really hurt!
You die...

##..## ##........## #.....(.... #
#..# ##..........# #..........
###..###...........# ##.........
.........#.........## #.........
.........#..........# #.........
###..###............## ##........
# #..# ##............# #......(.
##).## ##...........## #.......#
##....####......@.....####...###.
#..##..##......l.......####### #.
.........................## ##.
##.#####..................## #..
##.# ###########.........####..
[..## #..........#...# #...###
##...........### ###...###
##.........### ###...###
######.......#..##


You could see a komodo dragon.

Vanquished Creatures
  A wyvern (D:6)
  2 water moccasins (D:6)
  A black bear (D:6)
  4 ice beasts
  An ogre (D:5)
  A necrophage (D:6)
  2 bullfrogs (D:6)
  A scorpion (D:6)
  A gnoll sergeant (D:6)
  A water moccasin zombie (D:5)
  4 wights (D:4)
  A howler monkey (D:5)
  A bullfrog zombie (D:5)
  2 hounds
  2 jellies (D:4)
  3 orc priests
  A gnoll shaman (D:3)
  An iguana (D:6)
  A hound skeleton (D:4)
  9 gnolls
  6 adders
  A white imp (D:6)
  A dart slug (D:5)
  10 orcs
  4 bats
  5 endoplasms
  5 giant cockroaches
  6 goblins
  10 hobgoblins
  10 jackals
  3 quokkas
  6 ball pythons
  2 frilled lizards (D:1)
  7 kobolds
  3 rats
119 creatures vanquished.

Vanquished Creatures (collateral kills)
  6 foxfires (D:2)
6 creatures vanquished.

Vanquished Creatures (others)
  318 foxfires
  A fungus (D:1)
  A plant (D:2)
320 creatures vanquished.

Grand Total: 445 creatures vanquished

Notes
Turn   | Place    | Note
-------+----------+-------------------------------------------
     0 | D:1      | CuBeRJAN3 the Deep Elf Fire Elementalist began the quest
                  | for the Orb.
     0 | D:1      | Reached XP level 1. HP: 10/10 MP: 6/6
   419 | D:2      | Reached XP level 2. HP: 15/15 MP: 5/8
   946 | D:2      | Reached XP level 3. HP: 15/20 MP: 5/10
  1097 | D:2      | Learned a level 3 spell: Conjure Flame
  1101 | D:2      | Learned a level 3 spell: Inner Flame
  1407 | D:2      | Reached skill level 4 in Spellcasting
  1723 | D:1      | Learned a level 2 spell: Searing Ray
  1754 | D:1      | Found a faded altar of an unknown god.
  1888 | D:1      | Reached skill level 1 in Fighting
  1888 | D:1      | Reached XP level 4. HP: 25/25 MP: 8/12
  2212 | D:3      | Found a shadowy altar of Dithmenos.
  2560 | D:3      | Reached skill level 1 in Hexes
  2820 | D:3      | Found a runed translucent door.
  2821 | D:3      | Noticed Crazy Yiuf
  2945 | D:4      | Reached XP level 5. HP: 29/29 MP: 9/13
  2954 | D:4      | Reached skill level 1 in Translocations
  3219 | D:4      | Reached skill level 5 in Spellcasting
  3775 | D:4      | Reached XP level 6. HP: 29/34 MP: 7/15
  4169 | D:4      | Learned a level 5 spell: Fireball
  5806 | D:5      | Entered Level 5 of the Dungeon
  5916 | D:4      | Identified 3 scrolls of acquirement
  5916 | D:4      | Acquired a staff of conjuration
  5919 | D:4      | Acquired a ring of magical power
  5922 | D:4      | Acquired the amulet "Picohec" {RegenMP rC++ Will+ Int-4}
  5977 | D:5      | Found a staircase to the Ecumenical Temple.
  5987 | Temple   | Entered the Ecumenical Temple
  6061 | Temple   | Became a worshipper of Vehumet
  6090 | D:5      | Reached skill level 6 in Spellcasting
  6182 | D:5      | Reached XP level 7. HP: 35/40 MP: 18/18
  6248 | D:5      | Learned a level 4 spell: Sticky Flame
  6355 | D:5      | Found a broken altar of Ashenzari.
  6453 | D:5      | Got Sif Muna's Grimoire of Congealing Damage Dealing
  7288 | D:5      | Reached skill level 7 in Spellcasting
  7487 | D:5      | Reached skill level 5 in Stealth
  7704 | D:6      | Reached skill level 5 in Fire Magic
  7806 | D:6      | Reached XP level 8. HP: 45/45 MP: 21/21
  7882 | D:6      | Noticed bobkasz2's ghost (weakling HOFi)
  7893 | D:6      | Reached skill level 8 in Spellcasting
  7976 | D:6      | Reached * piety under Vehumet
  7976 | D:6      | Offered knowledge of Shock by Vehumet.
  7999 | D:6      | Found a glowing silver altar of Zin.
  8008 | D:6      | Found a sparkling altar of Nemelex Xobeh.
  8238 | D:6      | Found a transporter.
  8286 | D:6      | Reached skill level 9 in Spellcasting
  8286 | D:6      | Reached skill level 5 in Conjurations
  8302 | D:6      | Found a transporter.
  8336 | D:6      | Noticed a komodo dragon
  8584 | D:6      | HP: 2/48 [water moccasin (5)]
  8586 | D:6      | Reached XP level 9. HP: 2/52 MP: 24/24
  8880 | D:5      | Mangled by a komodo dragon

Illustrated notes

Levels and vault maps discovered:
D:1:      minmay_arrival_four_houses, layout_basic,
          shapermc_ecumenical_altar_ellora, minivault_14
D:2:      layout_loops_cross, serial_forest, infiniplex_forest_lined_3,
          infiniplex_forest_lined_room_2, infiniplex_forest_lined_ring,
          infiniplex_forest_clump_medium
D:3:      layout_rooms, mainiacjoe_overflow_brackets, uniq_crazy_yiuf_cottage
D:4:      layout_loops_ring, grunt_ministairs_7
D:5:      layout_cave_pods, nicolae_ashenzari_skybound,
          minmay_temple_entry_wispy, palyth_stone_intersect
D:6:      layout_cave_pools, chequers_temple_overflow_statue_of_worship,
          lightli_ossuary_entry_decrepit_ruins, serial_column_ruins,
          column_ruins_hut_pillars, column_ruins_grid_1,
          column_ruins_open_medium, column_ruins_grid_3,
          column_ruins_columns_corner, column_ruins_open_medium,
          gammafunk_ghost_mausoleum, kb_rosetta
D:7:      layout_basic, dk_xom_monty_hall, minmay_fractal_squares_diagonal_5,
          uniq_menkaure, uniq_duvessa
Temple:   jpeg_temple_clearing

Skill      XL: |  1  2  3  4  5  6  7  8 |
---------------+-------------------------+-----
Stealth        | 3 4 5 6 |  6.5
Spellcasting   | 4 5 6 7 9 |  9.2
Fighting       | 1 2 3 |  3.7
Conjurations   | 2 3 4 5 |  5.1
Hexes          | 1 |  1.7
Translocations | 1 |  1.9
Fire Magic     | 4 5 |  5.9
Dodging        | |  2.4

Action                   |  1- 3 |  4- 6 |  7- 9 || total
-------------------------+-------+-------+-------++-------
Melee: Dagger            |   206 |     9 |       ||   215
       Staff             |       |       |     1 ||     1
 Cast: Foxfire           |    63 |    70 |    59 ||   192
       Searing Ray       |       |    14 |    14 ||    28
       Conjure Flame     |       |     3 |     3 ||     6
       Inner Flame       |       |       |     2 ||     2
  Use: Scroll            |       |     5 |     3 ||     8
       Potion            |       |       |     1 ||     1
 Stab: Sleeping          |     1 |       |       ||     1
Armor: Robe              |    18 |    10 |     9 ||    37
Dodge: Dodged            |    30 |    62 |    26 ||   118
